 Dungeon Crawl Stone Soup version 0.27.1-1-g398f81649c (webtiles) character file.

Game seed: 17728020264848354237

167 pokedragonboy the Ruffian (level 5, 0/45 HPs)
             Began as a Naga Transmuter on Sept 14, 2021.
             Slain by an orc (4 damage)
             ... on level 5 of the Dungeon.
             The game lasted 00:07:29 (3734 turns).

pokedragonboy the Ruffian (Naga Transmuter)         Turns: 3734, Time: 00:07:30

Health: 0/45       AC:  3    Str: 13    XL:     5   Next: 48%
Magic:  7/9        EV: 13    Int: 14    God:
Gold:   132        SH:  0    Dex: 11    Spells: 3/9 levels left

rFire    . . .     SeeInvis +   f - +0 dagger
rCold    . . .     Faith    .   (no shield)
rNeg     . . .     Spirit   .   a - +0 robe
rPois    +         Reflect  .   (no helmet)
rElec    .         Harm     .   (no cloak)
rCorr    .         Rampage  .   l - +0 pair of gloves
Will     .....                  (no barding)
Stlth    +.........             (no amulet)
HPRegen  0.15/turn              k - +4 ring of protection
MPRegen  0.11/turn              q - +4 ring of evasion

@: short of breath, wereblooded, corroded, very slow
A: AC +1, large, see invisible, deformed body, poison resistance, slowness 2,
spit poison 1, naga tail 1
a: Spit Poison


You were on level 5 of the Dungeon.
You visited 1 branch of the dungeon, and saw 4 of its levels.

You collected 132 gold pieces.

Inventory:

Hand Weapons
 f - a +0 dagger (weapon)
Armour
 a - a +0 robe (worn)
 e - a +0 chain mail
 l - a +0 pair of gloves (worn)
 o - a +0 leather armour
Jewellery
 k - a +4 ring of protection (left hand)
 m - a ring of protection from fire
 q - a +4 ring of evasion (right hand)
Scrolls
 b - 2 scrolls of enchant armour {unknown}
 d - a scroll of acquirement {unknown}
 i - 2 scrolls of identify {unknown}
 n - a scroll of fog {unknown}
Potions
 c - a potion of degeneration {unknown}
 g - a potion of attraction {unknown}
 h - a potion of resistance {unknown}
 j - 2 potions of heal wounds {unknown}
 p - a potion of lignification {unknown}


   Skills:
 + Level 2.1 Fighting
 - Level 1.5 Dodging
 * Level 4.2 Unarmed Combat
 + Level 2.7 Spellcasting
 * Level 3.5 Transmutations


You had 3 spell levels left.
You knew the following spells:

 Your Spells              Type           Power      Damage    Failure   Level
a - Beastly Appendage     Tmut           22%        N/A       5%          1
b - Wereblood             Tmut           11%        N/A       8%          2
c - Spider Form           Tmut/Pois      3%         N/A       32%         3

Your spell library contained the following spells:

 Spells                   Type           Power      Damage    Failure   Level
 Foxfire                  Conj/Fire      4%         2x1d4     22%         1
 Ice Form                 Ice/Tmut       6%         N/A       71%         4
 Animate Dead             Necr           0%         N/A       91%         4
 Agony                    Necr           1%         N/A       99%         5
 Ignition                 Fire           0%         3d3       100%        8


Dungeon Overview and Level Annotations

Branches:
Dungeon (3/15)

Altars:

Shops:
D:3 :


Innate Abilities, Weirdness & Mutations

Your serpentine skin is tough. (AC +1)
You have supernaturally acute eyesight. (SInv)
Armour fits poorly on your strangely shaped body.
Your system is resistant to poisons. (rPois)
You cover ground very slowly.
You can spit poison.
You have a snake-like lower body.


Message History

The jelly barely misses you.
You hit the jelly.
Your hands burn!
The jelly is severely wounded.
The jelly barely misses you.
You hit the jelly.
Your hands burn!
The jelly is almost dead.
The jelly barely misses you.
You hit the jelly.
Your hands burn!
You headbutt the jelly.
You feel a bit better.
You kill the jelly!
You barely miss the orc. You headbutt the orc.
The orc is almost dead.
Your horns disappear.
The orc hits you with a +0 mace.
You hit the orc but do no damage.
The orc is almost dead.
The orc barely misses you.
You hit the orc but do no damage.
The orc is severely wounded.
The orc barely misses you.
You hit the orc but do no damage.
The orc is severely wounded.
You closely miss the orc.
The orc is severely wounded.
The orc hits you with a +0 mace.
* * * LOW HITPOINT WARNING * * *
The orc hits you with a +0 hand axe.
* * * LOW HITPOINT WARNING * * *
Press: ? - help, Shift-Dir - straight line, f - orc
Aim: an orc, wielding a +0 mace (severely wounded)
The splash of poison hits the orc.
You feel a bit better.
You kill the orc!
The orc hits you but does no damage.
You closely miss the orc. The orc hits you with a +0 hand axe!
* * * LOW HITPOINT WARNING * * *
Okay, then.
Okay, then.
Okay, then.
You hit the orc but do no damage. The orc hits you with a +0 hand axe.
You die...

#..... .....
.... ... .. #.
#.### #.@)#
###o# #......#
..>......
.......$..
...........
............
.............
..............


You could see an orc.

Vanquished Creatures
  A jelly (D:5)
  An orc priest (D:3)
  An orc wizard (D:3)
  2 adders
  2 dart slugs
  7 orcs
  9 endoplasms
  A giant cockroach (D:1)
  4 goblins
  4 hobgoblins
  6 quokkas
  4 bats
  4 frilled lizards
  5 rats (D:1)
51 creatures vanquished.

Notes
Turn   | Place    | Note
-------+----------+-------------------------------------------
     0 | D:1      | pokedragonboy the Naga Transmuter began the quest for the
                  | Orb.
     0 | D:1      | Reached XP level 1. HP: 18/18 MP: 3/3
   264 | D:1      | Reached XP level 2. HP: 21/25 MP: 3/5
   286 | D:1      | Learned a level 2 spell: Wereblood
  1227 | D:1      | Reached XP level 3. HP: 27/31 MP: 4/6
  1322 | D:1      | Found a faded altar of an unknown god.
  2715 | D:3      | Reached XP level 4. HP: 24/39 MP: 5/7
  3121 | D:3      | Reached skill level 4 in Unarmed Combat
  3121 | D:3      | Reached XP level 5. HP: 41/45 MP: 8/8
  3179 | D:3      | Learned a level 3 spell: Spider Form
  3377 | D:3      | Got Quecwurgh's Grimoire of Igneous Stolen Souls
  3470 | D:3      | Found Virrues's Book Emporium.
  3716 | D:3      | You fall into a shaft and drop 2 floors!
  3716 | D:5      | Entered Level 5 of the Dungeon
  3734 | D:5      | Slain by an orc

Illustrated notes

Levels and vault maps discovered:
D:1:      heliophobic_arrival_ceremonial_halls, layout_loops_cross,
          ebering_ecumenical_altar_hall, roderic_serpentine_path
D:2:      layout_loops_corners, roderic_lattice_a
D:3:      wander_river, layout_loops_ring, serial_shops, nicolae_shop_stone
D:5:      layout_rooms, zin_academy, nicolae_kikubaaqudgha_miasma_corner,
          temple_statues, gup_sewer_entry_bubbles, uniq_ijyb, uniq_grinder,
          uniq_menkaure, uniq_duvessa

Skill      XL: |  1  2  3  4 |
---------------+-------------+-----
Transmutations | 3 |  3.5
Fighting       | 2 |  2.1
Unarmed Combat | 4 |  4.2
Dodging        | |  1.5
Spellcasting   | |  2.7

Action                   |  1- 3 |  4- 6 || total
-------------------------+-------+-------++-------
Melee: Unarmed           |    26 |       ||    26
       Headbutt          |    13 |     9 ||    22
       Dagger            |    64 |    66 ||   130
       Punch             |     2 |     1 ||     3
 Cast: Beastly Appendage |    37 |    12 ||    49
       Wereblood         |       |     2 ||     2
 Abil: Spit Poison       |    28 |    14 ||    42
Armor: Robe              |    11 |    27 ||    38
Dodge: Dodged            |    41 |    33 ||    74
